Workbook
Name JourDePaie: 'Synthèse'!$B$4

Sheet Opérations
A1: Date | B1: Libellé | C1: Catégorie | D1: Nature | E1: Montant | F1: Mois budgétaire
A2: 46293 | B2: Salaire (exemple, à effacer) | C2: Revenus | D2: entrée | E2: 2600 | F2: =IF(A2="","",EOMONTH(A2-(JourDePaie-1),IF(JourDePaie=1,-1,0))+1)
A3: 46296 | B3: Loyer (exemple, à effacer) | C3: Logement | D3: fixe | E3: 750 | F3: =IF(A3="","",EOMONTH(A3-(JourDePaie-1),IF(JourDePaie=1,-1,0))+1)
A4: 46297 | B4: Électricité et gaz (exemple, à effacer) | C4: Factures | D4: fixe | E4: 70 | F4: =IF(A4="","",EOMONTH(A4-(JourDePaie-1),IF(JourDePaie=1,-1,0))+1)
A5: 46298 | B5: Box et téléphone (exemple, à effacer) | C5: Factures | D5: fixe | E5: 40 | F5: =IF(A5="","",EOMONTH(A5-(JourDePaie-1),IF(JourDePaie=1,-1,0))+1)
A6: 46299 | B6: Supermarché (exemple, à effacer) | C6: Courses | D6: variable | E6: 92 | F6: =IF(A6="","",EOMONTH(A6-(JourDePaie-1),IF(JourDePaie=1,-1,0))+1)
A7: 46300 | B7: Virement Livret A (exemple, à effacer) | C7: Livret A | D7: placé | E7: 300 | F7: =IF(A7="","",EOMONTH(A7-(JourDePaie-1),IF(JourDePaie=1,-1,0))+1)
A8: 46300 | B8: Versement PEA (exemple, à effacer) | C8: PEA | D8: placé | E8: 200 | F8: =IF(A8="","",EOMONTH(A8-(JourDePaie-1),IF(JourDePaie=1,-1,0))+1)
A9: 46301 | B9: Assurances (exemple, à effacer) | C9: Logement | D9: fixe | E9: 50 | F9: =IF(A9="","",EOMONTH(A9-(JourDePaie-1),IF(JourDePaie=1,-1,0))+1)
A10: 46302 | B10: Abonnement transports (exemple, à effacer) | C10: Transport | D10: fixe | E10: 50 | F10: =IF(A10="","",EOMONTH(A10-(JourDePaie-1),IF(JourDePaie=1,-1,0))+1)
A11: 46305 | B11: Cinéma (exemple, à effacer) | C11: Loisirs | D11: variable | E11: 24 | F11: =IF(A11="","",EOMONTH(A11-(JourDePaie-1),IF(JourDePaie=1,-1,0))+1)
A12: 46306 | B12: Supermarché (exemple, à effacer) | C12: Courses | D12: variable | E12: 104 | F12: =IF(A12="","",EOMONTH(A12-(JourDePaie-1),IF(JourDePaie=1,-1,0))+1)
A13: 46307 | B13: Vêtements (exemple, à effacer) | C13: Achats | D13: variable | E13: 90 | F13: =IF(A13="","",EOMONTH(A13-(JourDePaie-1),IF(JourDePaie=1,-1,0))+1)
... A20: 46320 | B20: Supermarché (exemple, à effacer) | C20: Courses | D20: variable | E20: 98 | F20: =IF(A20="","",EOMONTH(A20-(JourDePaie-1),IF(JourDePaie=1,-1,0))+1)
F21: =IF(A21="","",EOMONTH(A21-(JourDePaie-1),IF(JourDePaie=1,-1,0))+1)
F22: =IF(A22="","",EOMONTH(A22-(JourDePaie-1),IF(JourDePaie=1,-1,0))+1)
F23: =IF(A23="","",EOMONTH(A23-(JourDePaie-1),IF(JourDePaie=1,-1,0))+1)
F24: =IF(A24="","",EOMONTH(A24-(JourDePaie-1),IF(JourDePaie=1,-1,0))+1)
F25: =IF(A25="","",EOMONTH(A25-(JourDePaie-1),IF(JourDePaie=1,-1,0))+1)
F26: =IF(A26="","",EOMONTH(A26-(JourDePaie-1),IF(JourDePaie=1,-1,0))+1)
F27: =IF(A27="","",EOMONTH(A27-(JourDePaie-1),IF(JourDePaie=1,-1,0))+1)
F28: =IF(A28="","",EOMONTH(A28-(JourDePaie-1),IF(JourDePaie=1,-1,0))+1)
F29: =IF(A29="","",EOMONTH(A29-(JourDePaie-1),IF(JourDePaie=1,-1,0))+1)
F30: =IF(A30="","",EOMONTH(A30-(JourDePaie-1),IF(JourDePaie=1,-1,0))+1)
F31: =IF(A31="","",EOMONTH(A31-(JourDePaie-1),IF(JourDePaie=1,-1,0))+1)
F32: =IF(A32="","",EOMONTH(A32-(JourDePaie-1),IF(JourDePaie=1,-1,0))+1)
... F1001: =IF(A1001="","",EOMONTH(A1001-(JourDePaie-1),IF(JourDePaie=1,-1,0))+1)

Sheet Synthèse
A1: Synthèse du mois budgétaire
A2: Les cellules sur fond violet clair se remplissent à la main ; le reste se calcule.
A4: Jour de paie | B4: 28 | C4: Le mois va de ce jour à la veille du même jour, le mois suivant. 1 = du 1ᵉʳ à la fin du mois.
A6: Mois budgétaire | B6: 46296 | C6: Le mois à regarder : tapez par exemple 01/11/2026.
A8: Entrées | B8: =SUMIFS('Opérations'!$E:$E,'Opérations'!$D:$D,"entrée",'Opérations'!$F:$F,$B$6)
A9: Dépenses fixes | B9: =SUMIFS('Opérations'!$E:$E,'Opérations'!$D:$D,"fixe",'Opérations'!$F:$F,$B$6)
A10: Dépenses variables | B10: =SUMIFS('Opérations'!$E:$E,'Opérations'!$D:$D,"variable",'Opérations'!$F:$F,$B$6)
A11: Placé | B11: =SUMIFS('Opérations'!$E:$E,'Opérations'!$D:$D,"placé",'Opérations'!$F:$F,$B$6)
A12: Excédent du mois | B12: =B8-B9-B10-B11 | C12: Entrées − dépenses fixes − dépenses variables − placé.
A14: Réconciliation : le tableur doit égaler la banque
A15: Solde du compte courant la veille du mois | B15: 400 | C15: Exemple, à effacer : votre solde de départ.
A16: Solde attendu en fin de mois | B16: =IF(B15="","",B15+B8-B9-B10-B11) | C16: Solde de départ + entrées − sorties.
A17: Solde affiché par la banque | B17: 905 | C17: Exemple, à effacer : le solde du dernier jour du mois.
A18: Écart | B18: =IF(OR(B15="",B17=""),"",B17-B16) | C18: =IF(B18="","",IF(ROUND(B18,2)=0,"Le tableur égale la banque.","Une opération manque : pointez le relevé ligne par ligne."))
A20: Comparer les mois
A21: Les douze mois qui finissent au mois choisi. Les dépenses variables sont celles qui dérapent.
A22: Mois | B22: Entrées | C22: Dépenses fixes | D22: Dépenses variables | E22: Placé | F22: Excédent
A23: =DATE(YEAR($B$6),MONTH($B$6)-11,1) | B23: =SUMIFS('Opérations'!$E:$E,'Opérations'!$D:$D,"entrée",'Opérations'!$F:$F,$A23) | C23: =SUMIFS('Opérations'!$E:$E,'Opérations'!$D:$D,"fixe",'Opérations'!$F:$F,$A23) | D23: =SUMIFS('Opérations'!$E:$E,'Opérations'!$D:$D,"variable",'Opérations'!$F:$F,$A23) | E23: =SUMIFS('Opérations'!$E:$E,'Opérations'!$D:$D,"placé",'Opérations'!$F:$F,$A23) | F23: =B23-C23-D23-E23
A24: =DATE(YEAR($B$6),MONTH($B$6)-10,1) | B24: =SUMIFS('Opérations'!$E:$E,'Opérations'!$D:$D,"entrée",'Opérations'!$F:$F,$A24) | C24: =SUMIFS('Opérations'!$E:$E,'Opérations'!$D:$D,"fixe",'Opérations'!$F:$F,$A24) | D24: =SUMIFS('Opérations'!$E:$E,'Opérations'!$D:$D,"variable",'Opérations'!$F:$F,$A24) | E24: =SUMIFS('Opérations'!$E:$E,'Opérations'!$D:$D,"placé",'Opérations'!$F:$F,$A24) | F24: =B24-C24-D24-E24
A25: =DATE(YEAR($B$6),MONTH($B$6)-9,1) | B25: =SUMIFS('Opérations'!$E:$E,'Opérations'!$D:$D,"entrée",'Opérations'!$F:$F,$A25) | C25: =SUMIFS('Opérations'!$E:$E,'Opérations'!$D:$D,"fixe",'Opérations'!$F:$F,$A25) | D25: =SUMIFS('Opérations'!$E:$E,'Opérations'!$D:$D,"variable",'Opérations'!$F:$F,$A25) | E25: =SUMIFS('Opérations'!$E:$E,'Opérations'!$D:$D,"placé",'Opérations'!$F:$F,$A25) | F25: =B25-C25-D25-E25
A26: =DATE(YEAR($B$6),MONTH($B$6)-8,1) | B26: =SUMIFS('Opérations'!$E:$E,'Opérations'!$D:$D,"entrée",'Opérations'!$F:$F,$A26) | C26: =SUMIFS('Opérations'!$E:$E,'Opérations'!$D:$D,"fixe",'Opérations'!$F:$F,$A26) | D26: =SUMIFS('Opérations'!$E:$E,'Opérations'!$D:$D,"variable",'Opérations'!$F:$F,$A26) | E26: =SUMIFS('Opérations'!$E:$E,'Opérations'!$D:$D,"placé",'Opérations'!$F:$F,$A26) | F26: =B26-C26-D26-E26
A27: =DATE(YEAR($B$6),MONTH($B$6)-7,1) | B27: =SUMIFS('Opérations'!$E:$E,'Opérations'!$D:$D,"entrée",'Opérations'!$F:$F,$A27) | C27: =SUMIFS('Opérations'!$E:$E,'Opérations'!$D:$D,"fixe",'Opérations'!$F:$F,$A27) | D27: =SUMIFS('Opérations'!$E:$E,'Opérations'!$D:$D,"variable",'Opérations'!$F:$F,$A27) | E27: =SUMIFS('Opérations'!$E:$E,'Opérations'!$D:$D,"placé",'Opérations'!$F:$F,$A27) | F27: =B27-C27-D27-E27
A28: =DATE(YEAR($B$6),MONTH($B$6)-6,1) | B28: =SUMIFS('Opérations'!$E:$E,'Opérations'!$D:$D,"entrée",'Opérations'!$F:$F,$A28) | C28: =SUMIFS('Opérations'!$E:$E,'Opérations'!$D:$D,"fixe",'Opérations'!$F:$F,$A28) | D28: =SUMIFS('Opérations'!$E:$E,'Opérations'!$D:$D,"variable",'Opérations'!$F:$F,$A28) | E28: =SUMIFS('Opérations'!$E:$E,'Opérations'!$D:$D,"placé",'Opérations'!$F:$F,$A28) | F28: =B28-C28-D28-E28
A29: =DATE(YEAR($B$6),MONTH($B$6)-5,1) | B29: =SUMIFS('Opérations'!$E:$E,'Opérations'!$D:$D,"entrée",'Opérations'!$F:$F,$A29) | C29: =SUMIFS('Opérations'!$E:$E,'Opérations'!$D:$D,"fixe",'Opérations'!$F:$F,$A29) | D29: =SUMIFS('Opérations'!$E:$E,'Opérations'!$D:$D,"variable",'Opérations'!$F:$F,$A29) | E29: =SUMIFS('Opérations'!$E:$E,'Opérations'!$D:$D,"placé",'Opérations'!$F:$F,$A29) | F29: =B29-C29-D29-E29
A30: =DATE(YEAR($B$6),MONTH($B$6)-4,1) | B30: =SUMIFS('Opérations'!$E:$E,'Opérations'!$D:$D,"entrée",'Opérations'!$F:$F,$A30) | C30: =SUMIFS('Opérations'!$E:$E,'Opérations'!$D:$D,"fixe",'Opérations'!$F:$F,$A30) | D30: =SUMIFS('Opérations'!$E:$E,'Opérations'!$D:$D,"variable",'Opérations'!$F:$F,$A30) | E30: =SUMIFS('Opérations'!$E:$E,'Opérations'!$D:$D,"placé",'Opérations'!$F:$F,$A30) | F30: =B30-C30-D30-E30
A31: =DATE(YEAR($B$6),MONTH($B$6)-3,1) | B31: =SUMIFS('Opérations'!$E:$E,'Opérations'!$D:$D,"entrée",'Opérations'!$F:$F,$A31) | C31: =SUMIFS('Opérations'!$E:$E,'Opérations'!$D:$D,"fixe",'Opérations'!$F:$F,$A31) | D31: =SUMIFS('Opérations'!$E:$E,'Opérations'!$D:$D,"variable",'Opérations'!$F:$F,$A31) | E31: =SUMIFS('Opérations'!$E:$E,'Opérations'!$D:$D,"placé",'Opérations'!$F:$F,$A31) | F31: =B31-C31-D31-E31
A32: =DATE(YEAR($B$6),MONTH($B$6)-2,1) | B32: =SUMIFS('Opérations'!$E:$E,'Opérations'!$D:$D,"entrée",'Opérations'!$F:$F,$A32) | C32: =SUMIFS('Opérations'!$E:$E,'Opérations'!$D:$D,"fixe",'Opérations'!$F:$F,$A32) | D32: =SUMIFS('Opérations'!$E:$E,'Opérations'!$D:$D,"variable",'Opérations'!$F:$F,$A32) | E32: =SUMIFS('Opérations'!$E:$E,'Opérations'!$D:$D,"placé",'Opérations'!$F:$F,$A32) | F32: =B32-C32-D32-E32
A33: =DATE(YEAR($B$6),MONTH($B$6)-1,1) | B33: =SUMIFS('Opérations'!$E:$E,'Opérations'!$D:$D,"entrée",'Opérations'!$F:$F,$A33) | C33: =SUMIFS('Opérations'!$E:$E,'Opérations'!$D:$D,"fixe",'Opérations'!$F:$F,$A33) | D33: =SUMIFS('Opérations'!$E:$E,'Opérations'!$D:$D,"variable",'Opérations'!$F:$F,$A33) | E33: =SUMIFS('Opérations'!$E:$E,'Opérations'!$D:$D,"placé",'Opérations'!$F:$F,$A33) | F33: =B33-C33-D33-E33
A34: =DATE(YEAR($B$6),MONTH($B$6)-0,1) | B34: =SUMIFS('Opérations'!$E:$E,'Opérations'!$D:$D,"entrée",'Opérations'!$F:$F,$A34) | C34: =SUMIFS('Opérations'!$E:$E,'Opérations'!$D:$D,"fixe",'Opérations'!$F:$F,$A34) | D34: =SUMIFS('Opérations'!$E:$E,'Opérations'!$D:$D,"variable",'Opérations'!$F:$F,$A34) | E34: =SUMIFS('Opérations'!$E:$E,'Opérations'!$D:$D,"placé",'Opérations'!$F:$F,$A34) | F34: =B34-C34-D34-E34

Sheet Importer dans PocketPlanner
A1: Importer ce classeur dans PocketPlanner
A2: Ce modèle a les colonnes que l'import de relevés de PocketPlanner sait lire. Il s'importe tel quel, en trois gestes.
A4: 1. Effacez les lignes d'exemple
A5: Dans « Opérations », les lignes marquées « (exemple, à effacer) » sont le mois d'octobre de l'article, en montants ronds. Effacez-les, puis notez vos opérations : une ligne par opération, le montant sans signe.
A7: 2. Enregistrez l'onglet « Opérations » en CSV
A8: L'import lit un CSV, pas un fichier .xlsx. Placez-vous sur l'onglet « Opérations », puis :
A9: • Excel : Fichier › Enregistrer sous › CSV (séparateur : point-virgule).
A10: • LibreOffice : Fichier › Enregistrer sous › Texte CSV (.csv).
A11: • Google Sheets : Fichier › Télécharger › Valeurs séparées par des virgules (.csv).
A12: Seul l'onglet ouvert part dans le CSV : c'est voulu, la synthèse n'a pas à être importée.
A14: 3. Déposez le CSV dans PocketPlanner
A15: Budget › Importer un relevé. Vous voyez chaque ligne avant qu'elle soit ajoutée.
... A23: Créer un compte gratuit : pocketplanner.fr/register
